 Dungeon Crawl Stone Soup version 0.22-a0-322-g60b3cfd (webtiles) character file.

12103 4thArraOfDagon the Severer (level 11, -14/87 HPs)
             Began as a Hill Orc Conjurer on Apr 4, 2018.
             Was an Elder of Fedhas.
             Shot with an arrow by Nessos (17 damage)
             ... on level 12 of the Dungeon.
             The game lasted 00:29:15 (8138 turns).

4thArraOfDagon the Severer (Hill Orc Conjurer)      Turns: 8138, Time: 00:29:17

Health: -14/87     AC: 19    Str: 18    XL:     11   Next: 88%
Magic:  14/17      EV:  7    Int: 18    God:    Fedhas [****..]
Gold:   523        SH:  0    Dex: 12    Spells: 11/13 levels left

rFire    + . .     SeeInvis .   t - +8 falchion "Impslayer" {slice, *Rage Str+6 Stlth+}
rCold    + . .     Gourm    .   (no shield)
rNeg     . . .     Faith    .   D - +6 chain mail of Refuge {Dex+3 Slay+2}
rPois    .         Spirit   .   s - +2 helmet
rElec    .         Reflect  .   e - +0 cloak
rCorr    .         Harm     .   Q - +0 pair of gloves
MR       .....     Rnd*Rage +   (no boots)
Stlth    ..........             (no amulet)
HPRegen  0.24/turn              d - ring of protection from fire
MPRegen  0.15/turn              g - ring of protection from cold

@: lethally poisoned (-14 -> -38), berserk cooldown, slowed, very slow
A: clumsy 1, frail 1, wild magic 1, MP-powered wands
a: Fungal Bloom, Evolution, Sunlight, Growth, Reproduction, Renounce Religion


You were on level 12 of the Dungeon.
You worshipped Fedhas.
Fedhas was greatly pleased with you.
You were hungry.

You visited 2 branches of the dungeon, and saw 13 of its levels.

You collected 523 gold pieces.

Inventory:

Hand Weapons
 k - a +2 dagger of venom
 t - the +8 falchion "Impslayer" (weapon) {slice, *Rage Str+6 Stlth+}
   (You found it on level 6 of the Dungeon)

   It inflicts extra damage upon your enemies.
   It affects your strength (+6).
   It may make you go berserk in combat.
   It makes you more stealthy.
 y - a +0 short sword of venom
 I - a +0 war axe
 U - a +0 blowgun
Missiles
 V - 4 curare-tipped needles
Armour
 a - a +0 robe
 e - a +0 cloak (worn)
 m - a +1 robe of positive energy
 n - a +0 helmet
 o - a +0 chain mail of fire resistance
 q - a +0 scale mail
 s - a +2 helmet (worn)
 D - the +6 chain mail of Refuge (worn) {Dex+3 Slay+2}
   (You took it off an orc on level 6 of the Dungeon)

   It affects your dexterity (+3).
   It affects your accuracy and damage with ranged weapons and melee attacks
   (+2).
 Q - a +0 pair of gloves (worn)
 T - the +3 robe of Hulietzu {+Inv +Fly Dex+3, unknown}
   (You found it on level 10 of the Dungeon)

   It affects your dexterity (+3).
   It lets you turn invisible.
   It lets you fly.
 W - the cursed +1 ring mail of Dramatic Exits {Dex+4, unknown}
   (You found it on level 11 of the Dungeon)

   It affects your dexterity (+4).
   It has a curse placed upon it.
Magical Staves
 E - an uncursed staff of fire
Jewellery
 d - a ring of protection from fire (left hand)
 g - a ring of protection from cold (right hand)
 H - an uncursed ring of ice
Wands
 F - a wand of acid (14)
 G - a wand of polymorph (2)
 K - a wand of flame (45)
 S - a wand of paralysis (4)
Scrolls
 b - a scroll of blinking
 f - a scroll of brand weapon {unknown}
 h - a scroll of random uselessness {unknown}
 i - a scroll of fear {unknown}
 j - 6 scrolls of remove curse
 l - 3 scrolls of magic mapping {unknown}
 u - a scroll of teleportation
 w - 2 scrolls of immolation
 M - a scroll of vulnerability {unknown}
 N - a scroll of amnesia {unknown}
 O - a scroll of torment {unknown}
 P - a scroll of noise {unknown}
 Y - a scroll of enchant weapon
Potions
 p - a potion of berserk rage
 r - a potion of curing
 v - 2 potions of might
 x - 2 potions of brilliance
 z - 3 potions of haste
 A - a potion of flight
 B - a potion of ambrosia {unknown}
 C - a potion of cancellation
 L - a potion of invisibility {unknown}
 R - a potion of mutation
 X - a potion of agility
Miscellaneous
 J - a phial of floods (inert)
 Z - a lamp of fire (inert)
Comestibles
 c - 13 rations


   Skills:
 - Level 9.0 Fighting
 * Level 18.7 Axes
 - Level 1.5 Dodging
 - Level 1.5 Stealth
 - Level 1.5 Spellcasting
 - Level 4.0 Conjurations
 - Level 8.2 Invocations


You had 11 spell levels left.
You knew the following spells:

 Your Spells              Type           Power        Failure   Level  Hunger
a - Magic Dart            Conj           ###.         61%         1    ##.....
b - Apportation           Tloc           #.....       98%         1    ##.....


Dungeon Overview and Level Annotations

Branches:
Dungeon (12/15)            Temple (1/1) D:4            Lair (0/6) D:10
    Orc (0/2) D:10

Altars:
Ashenzari
Dithmenos
Fedhas
Gozag
Hepliaklqana
Nemelex Xobeh
Sif Muna
Trog
Uskayaw
Vehumet
Yredelemnul
Zin

Annotations:
D:8 cirnu's ghost, novice DsGl
D:11 sankara's ghost, journeyman HOMo
D:12 Nessos


Innate Abilities, Weirdness & Mutations

You are clumsy. (Dex -2)
You are frail. (-10% HP)
Your spells are a little harder to cast, but a little more powerful.
You expend magic power (3 MP) to strengthen your wands.


Message History

You feel sick.
The crimson imp blinks!
Nessos shoots an arrow.
The arrow hits you!
* * * LOW HITPOINT WARNING * * *
The arrow burns you.
You are more poisoned.
* * * LOW HITPOINT WARNING * * *
You can move again.
Things that are here:
3 arrows; a sky beast corpse Unknown command.
Evoke which item? (* to show all) (? for menu, Esc to quit)
Aiming: Polymorph
Press: ? - help, Shift-Dir - straight line, f - Nessos
Aim: Nessos, wielding a longbow of flaming and wearing a centaur barding (chance to defeat MR: 50%) Nessos resists with some effort.
You feel a surge of power!
* * * LOW HITPOINT WARNING * * *
You feel very sick.
Nessos blinks!
Nessos shoots an arrow.
The arrow hits you!
You die...
Fedhas appreciates your contribution to the ecosystem.

#### ######## ####
#....#<<<.#$##...##
#.....÷..@#.#......
#.........(..H.....
...###..............
...###..............
...###..............
...$.......c......##
.....§............##
.........≈P.≈....§##
....♣§P.P≈......


You could see Nessos and a hippogriff.

Vanquished Creatures
  Sonja (D:10)
  An unseen horror (D:8)
  The ghost of tof the Basher, a novice MiFi of Okawaru (D:6)
  2 ugly things (D:11)
  3 manticores (D:11)
  2 trolls
  A meliai zombie (D:11)
  A wyvern (D:10)
  2 wraiths
  Sigmund (D:2)
  A yak (D:11)
  A shadow (D:12)
  Eustachio (D:6)
  A water elemental (D:12)
  A hungry ghost (D:11)
  5 porcupines (D:10)
  2 water moccasins
  2 floating eyes
  Duvessa (D:6)
  2 black bears
  4 orc warriors
  An ice beast (D:5)
  A necrophage (D:10)
  4 sky beasts
  7 ogres
  2 centaurs
  3 crocodiles
  A big kobold (D:8)
  8 bullfrogs
  Blork the orc (D:4)
  A water moccasin zombie (D:8)
  8 scorpions
  Dowan (D:6)
  3 killer bees (D:11)
  An electric eel (D:6)
  7 howler monkeys
  3 crimson imps
  2 bullfrog zombies
  3 hounds
  5 jellies
  2 quasits
  3 orc priests
  2 bullfrog skeletons
  14 orc wizards
  3 centaur skeletons
  3 iguanas
  7 worker ants
  A hound zombie (D:8)
  3 gnolls (D:10)
  12 adders
  A shadow imp (D:10)
  3 oozes
  2 adder skeletons
  2 worms
  4 dart slugs
  8 leopard geckos
  32 orcs
  A ball python (D:3)
  6 giant cockroaches
  10 goblins
  11 hobgoblins
  9 jackals
  5 quokkas
  9 bats
  2 frilled lizards
  A jackal skeleton (D:8)
  12 kobolds
  A quokka skeleton (D:9)
  A quokka zombie (D:5)
  4 rats
272 creatures vanquished.

Vanquished Creatures (collateral kills)
  A cyclops (D:11)
1 creature vanquished.

Vanquished Creatures (others)
  16 fungi (D:10)
  7 plants (D:10)
  190 toadstools
213 creatures vanquished.

Grand Total: 486 creatures vanquished

Notes
Turn   | Place    | Note
-------+----------+-------------------------------------------
     0 | D:1      | 4thArraOfDagon the Hill Orc Conjurer began the quest for the Orb.
     0 | D:1      | Reached XP level 1. HP: 14/14 MP: 3/3
    69 | D:1      | Reached skill level 1 in Fighting
   129 | D:1      | Reached XP level 2. HP: 17/24 MP: 0/4
   226 | D:1      | Reached XP level 3. HP: 6/31 MP: 3/5
   370 | D:2      | Noticed Sigmund
   398 | D:2      | Killed Sigmund
   398 | D:2      | Reached XP level 4. HP: 18/44 MP: 4/6
   398 | D:2      | Reached XP level 5. HP: 20/50 MP: 4/7
   433 | D:2      | Found a shadowy altar of Dithmenos.
   647 | D:3      | Reached XP level 6. HP: 32/58 MP: 3/8
   738 | D:4      | Noticed Blork the orc
   753 | D:4      | Killed Blork the orc
   913 | D:4      | Found a staircase to the Ecumenical Temple.
   922 | Temple   | Entered the Ecumenical Temple
   937 | Temple   | Became a worshipper of Fedhas Madash
  1228 | D:3      | Reached XP level 7. HP: 55/69 MP: 9/9
  1269 | D:3      | Found a faded altar of an unknown god.
  1299 | D:3      | Reached * piety under Fedhas
  1575 | D:2      | Found a basalt altar of Yredelemnul.
  2105 | D:4      | Found a shattered altar of Ashenzari.
  2464 | D:5      | Entered Level 5 of the Dungeon
  2541 | D:5      | Found a sparkling altar of Nemelex Xobeh.
  2646 | D:5      | Reached skill level 5 in Invocations
  2659 | D:5      | Reached XP level 8. HP: 44/78 MP: 10/12
  2697 | D:5      | Reached ** piety under Fedhas
  3017 | D:5      | Found a hide-covered altar of Uskayaw.
  3032 | D:5      | Reached skill level 1 in Axes
  3150 | D:5      | Reached skill level 2 in Axes
  3176 | D:6      | Found an opulent altar of Gozag.
  3227 | D:6      | Reached skill level 3 in Axes
  3255 | D:6      | Noticed tof's ghost (novice MiFi)
  3374 | D:6      | Noticed Dowan
  3375 | D:6      | Noticed Duvessa
  3380 | D:6      | Killed Dowan
  3397 | D:6      | HP: 3/78 [Duvessa/short sword (8)]
  3399 | D:6      | Killed Duvessa
  3399 | D:6      | Reached skill level 4 in Axes
  3427 | D:6      | Got a smoking quarterstaff
  3444 | D:6      | Identified the cursed +0 quarterstaff "Vyhico" {elec, *Drain rF+ rN+ Int+6} (You found it on level 6 of the Dungeon)
  3446 | D:6      | Gained mutation: You are clumsy. (Dex -2) [potion of mutation]
  3446 | D:6      | Gained mutation: Your spells are a little harder to cast, but a little more powerful. [potion of mutation]
  3446 | D:6      | Gained mutation: You are frail. (-10% HP) [potion of mutation]
  3446 | D:6      | Gained mutation: You expend magic power (3 MP) to strengthen your wands. [potion of mutation]
  3607 | D:6      | Reached skill level 5 in Axes
  3690 | D:6      | Got a jewelled falchion
  3691 | D:6      | Identified the +8 falchion "Impslayer" {slice, *Rage Str+6 Stlth+} (You found it on level 6 of the Dungeon)
  3748 | D:6      | Reached skill level 6 in Axes
  3768 | D:6      | Noticed Eustachio
  3774 | D:6      | Reached XP level 9. HP: 74/74 MP: 15/15
  3787 | D:6      | Killed Eustachio
  3787 | D:6      | Reached skill level 7 in Axes
  3832 | D:6      | Reached skill level 8 in Axes
  3925 | D:6      | Got a faintly humming chain mail
  3926 | D:6      | Identified the +6 chain mail of Refuge {Dex+3 Slay+2} (You took it off an orc on level 6 of the Dungeon)
  4141 | D:7      | Learned a level 1 spell: Apportation
  4261 | D:6      | Killed tof's ghost
  4261 | D:6      | Reached skill level 10 in Axes
  4400 | D:7      | Found a deep blue altar of Sif Muna.
  4619 | D:8      | Noticed a five-headed hydra
  4719 | D:7      | Reached skill level 11 in Axes
  4816 | D:8      | Reached *** piety under Fedhas
  5062 | D:8      | Noticed cirnu's ghost (novice DsGl)
  5168 | D:8      | Reached skill level 12 in Axes
  5181 | D:8      | Reached XP level 10. HP: 81/81 MP: 16/16
  5256 | D:8      | Killed an unseen horror
  5333 | D:9      | Reached skill level 13 in Axes
  5551 | D:9      | Found a hazy altar of Hepliaklqana.
  5652 | D:9      | Found a radiant altar of Vehumet.
  5677 | D:10     | Entered Level 10 of the Dungeon
  5765 | D:10     | Found a radiant altar of Vehumet.
  5802 | D:10     | Reached skill level 14 in Axes
  5851 | D:10     | Got a steaming robe
  5892 | D:10     | Noticed Sonja
  5916 | D:10     | Killed Sonja
  5916 | D:10     | Reached skill level 15 in Axes
  6016 | D:10     | Found a staircase to the Lair.
  6021 | D:10     | Reached XP level 11. HP: 40/87 MP: 6/17
  6033 | D:10     | Found a staircase to the Orcish Mines.
  6231 | D:10     | Reached skill level 16 in Axes
  6281 | D:11     | Noticed a purple ugly thing
  6292 | D:11     | Killed a purple ugly thing
  6293 | D:11     | Noticed a manticore
  6363 | D:11     | Noticed a manticore
  6364 | D:11     | Noticed a manticore
  6380 | D:11     | Noticed a seven-headed hydra
  6525 | D:11     | Noticed a skeletal warrior
  6546 | D:11     | Killed a manticore
  6550 | D:11     | Reached skill level 17 in Axes
  6570 | D:11     | HP: 1/87 [wraith (7)]
  6577 | D:11     | Reached **** piety under Fedhas
  6579 | D:11     | Noticed sankara's ghost (journeyman HOMo)
  6898 | D:11     | p0werm0de: https://www.youtube.com/watch?v=LDZU7wyet5o&list=RDmlFs3OXR9mQ&index=4
  6923 | D:11     | Noticed a purple ugly thing
  6938 | D:11     | Killed a purple ugly thing
  7124 | D:11     | Killed a manticore
  7187 | D:11     | Paralysed by a floating eye for 2 turns
  7198 | D:11     | Got a sapphire-encrusted ring mail
  7226 | D:11     | Reached skill level 18 in Axes
  7333 | D:11     | Killed a manticore
  7515 | D:10     | p0werm0de: https://youtu.be/4Rc-NGWEHdU?t=4418
  7578 | D:11     | Noticed a cyclops
  7583 | D:11     | Killed a cyclops
  7825 | D:11     | Paralysed by a floating eye for 2 turns
  8132 | D:12     | Noticed Nessos
  8134 | D:12     | :(
  8138 | D:12     | HP: 3/87 [poisoned by Nessos]
  8138 | D:12     | Shot with an arrow by Nessos

Vault maps used:
D:1:      wheals_arrival_shading
D:2:      grunt_dithmenos_smoke, nicolae_overflow_crystal_walls, first_ration,
          uniq_sigmund
D:3:      chequers_ecumenical_altar_lobes
D:4:      lemuel_temple_firewalk_b, evilmike_ruin_ashenzari, uniq_blork_the_orc
D:5:      kennysheep_mini, lemuel_doored_altar
D:6:      basic_altar, kennysheep_generic_room_16, uniq_duvessa, uniq_eustachio
D:7:      tgw_sif
D:9:      fiery_altar_vehumet, lemuel_crystal_altar
D:10:     due_lair_maze_entry_diamond, orc_0_dummy, basic_altar, uniq_sonja
D:11:     onia_ninara_cookie
D:12:     grunt_livestock, serial_bayou_lagoon_b, uniq_nessos, uniq_psyche
Temple:   regret_index_temple_waves

Skill      XL: |  1  2  3  4  5  6  7  8  9 10 11 |
---------------+----------------------------------+-----
Fighting       | 1 3 6 8 9 |  9.0
Invocations    | 5 8 |  8.2
Axes           | 6 12 15 18 | 18.7
Dodging        | |  1.5
Stealth        | |  1.5
Spellcasting   | |  1.5
Conjurations   | |  4.0

Action                   |  1- 3 |  4- 6 |  7- 9 | 10-12 || total
-------------------------+-------+-------+-------+-------++-------
Melee: Spear             |    52 |     9 |       |       ||    61
       Dagger            |       |    77 |   252 |       ||   329
       Short sword       |       |       |    43 |       ||    43
       Hand axe          |       |       |     7 |       ||     7
       Falchion          |       |       |   117 |   351 ||   468
 Cast: Magic Dart        |    24 |    31 |       |       ||    55
Invok: Fungal Bloom      |       |     2 |    24 |    18 ||    44
Evoke: Wand              |       |       |    24 |    19 ||    43
       Lamp of fire      |       |       |       |     1 ||     1
       Phial of floods   |       |       |       |     1 ||     1
  Use: Potion            |     4 |       |     3 |     6 ||    13
       Scroll            |     1 |       |    13 |     4 ||    18
 Stab: Sleeping          |       |     1 |       |       ||     1
       Paralysed         |       |       |       |    30 ||    30
  Eat: Chunk             |       |     3 |    10 |    13 ||    26
       Ration            |       |       |     1 |     1 ||     2
Armor: Robe              |     8 |     9 |     6 |       ||    23
       Skin              |    30 |     6 |       |       ||    36
       Scale mail        |       |       |   114 |       ||   114
       Chain mail        |       |       |   116 |   312 ||   428
Dodge: Dodged            |    33 |    46 |   143 |   166 ||   388
       Rpst.: Falchion   |       |       |     7 |    44 ||    51

Table legend:
 A = Spawn XP
 B = Non-spawn XP
 C = Spawn XP percentage of total XP
 D = Spawn monster count
 E = Non-spawn monster count
 F = Spawn count percentage of total count
 G = Total turns spent on level
                    A         B        C        D         E        F      G
               +---------+---------+-------+---------+---------+-------+---------
         Total |       0 |   17290 |   0.0 |       0 |     273 |   0.0 |  8138
               +---------+---------+-------+---------+---------+-------+---------
           D:1 |       0 |      50 |   0.0 |       0 |      23 |   0.0 |   583
           D:2 |       0 |     291 |   0.0 |       0 |      25 |   0.0 |   538
           D:3 |       0 |     222 |   0.0 |       0 |      29 |   0.0 |   656
           D:4 |       0 |     435 |   0.0 |       0 |      17 |   0.0 |   658
           D:5 |       0 |     830 |   0.0 |       0 |      33 |   0.0 |   761
           D:6 |       0 |    1778 |   0.0 |       0 |      17 |   0.0 |   942
           D:7 |       0 |     466 |   0.0 |       0 |      11 |   0.0 |   587
           D:8 |       0 |    1335 |   0.0 |       0 |      16 |   0.0 |   548
           D:9 |       0 |     773 |   0.0 |       0 |      14 |   0.0 |   375
          D:10 |       0 |    4095 |   0.0 |       0 |      40 |   0.0 |  1522
          D:11 |       0 |    6213 |   0.0 |       0 |      41 |   0.0 |   747
          D:12 |       0 |     802 |   0.0 |       0 |       7 |   0.0 |   192
               +---------+---------+-------+---------+---------+-------+---------
